Map: Prion Terraces

Players

lesha - Winner!

  • Race: Terran Terran
  • League: Silver

whitefish

  • Race: Terran Terran
  • League: Bronze

VOD

Have the link to the VOD?

Description

Time

  • Played on: Jan. 1, 2016, 4:49 a.m.
  • Length: 13:21
Show
View Real Time Build Order
Export as new Build Order

lesha Terran - Winner!

Build Orders: Reaper Expand, MMM Bio 

Get SALT Encoding   

  12  0:01  SCV  
  14  0:14  SCV  
  14  0:18  Supply Depot  
  14  0:26  SCV  
  15  0:39  SCV  
  15  0:40  Barracks  
  16  0:46  Refinery  
  16  0:52  SCV  
  17  1:04  SCV  
  18  1:16  SCV  
  19  1:28  Orbital Command  
  19  1:31  Reaper  
  20  1:40  Command Center  
  20  1:57  SCV, Supply Depot  
  21  2:09  SCV, Factory  
  22  2:21  SCV  
  23  2:41  SCV  
  24  2:54  SCV, Barracks Reactor  
  24  2:57  Barracks  
  25  2:59  Barracks  
  25  3:00  Barracks  
  25  3:01  Refinery  
  25  3:08  Orbital Command  
  25  3:10  SCV  
  26  3:15  Bunker  
  26  3:22  SCV  
  26  3:26  Factory Reactor  
  27  3:28  Factory Tech Lab  
  27  3:34  Marine x2  
  27  3:41  SCV x2  
  31  3:45  Barracks Tech Lab, Engineering Bay  
  31  3:48  Siege Tank  
  34  3:50  Barracks Reactor  
  34  3:53  SCV x2  
  35  3:58  Barracks Reactor  
  35  4:07  SCV x2  
  37  4:13  Marine x2  
  37  4:15  Marauder  
  41  4:19  Widow Mine  
  41  4:20  SCV x2  
  45  4:25  Refinery x2  
  45  4:31  Supply Depot  
  45  4:32  SCV  
  46  4:48  Missile Turret  
  46  4:52  Widow Mine  
  46  4:53  SCV  
  46  4:56  Supply Depot  
  49  5:01  Marine x5  
  49  5:02  Marine  
  49  5:05  Marauder  
  57  5:10  Starport, Missile Turret  
  57  5:12  SCV x2  
  59  5:19  Marine x2  
  61  5:22  Barracks  
  61  5:23  Marine  
  61  5:24  SCV x2, Marine x2  
  61  5:26  Marine  
  67  5:30  Stimpack  
  67  5:34  Missile Turret  
  67  5:44  Marine x3  
  67  5:49  Terran Infantry Weapons Level 1  
  70  5:50  Starport Reactor  
  70  5:57  Missile Turret  
  70  6:08  Engineering Bay  
  70  6:10  Command Center  
  70  6:11  Barracks Reactor  
  70  6:40  Missile Turret  
  70  6:42  Missile Turret  
  70  6:44  Missile Turret  
  70  6:45  Missile Turret  
  70  6:50  SCV, Medivac x2, Marine x3  
  70  6:54  SCV, Marine x4  
  78  7:00  Supply Depot  
  83  7:01  Supply Depot  
  83  7:02  Supply Depot, Marine, SCV  
  83  7:04  Supply Depot  
  83  7:06  SCV  
  83  7:08  Terran Infantry Armor Level 1  
  86  7:15  Armory  
  86  7:21  Siege Tank, Marine x3  
  92  7:38  Medivac x2  
  92  7:39  Marine  
  92  7:40  Marine x5  
  92  7:43  Combat Shields  
  102  7:56  Marine x3  
  105  8:22  Marine  
  105  8:23  Marine x6  
  105  8:24  Marauder  
  105  8:25  Medivac x2  
  121  8:27  Siege Tank  
  120  8:45  Marine x3  
  120  8:46  Marine x6  
  122  9:03  Marine  
  122  9:04  Marine x4  
  122  9:05  Marine x3  
  122  9:07  Siege Tank  
  133  9:11  Terran Infantry Weapons Level 2  
  133  9:12  Terran Infantry Armor Level 2  
  133  9:19  Orbital Command  
  133  9:24  SCV x2  
  133  9:29  Supply Depot x2  
  133  9:30  Supply Depot  
  133  9:31  Supply Depot  
  135  9:33  Marine x2  
  135  9:36  SCV x2  
  139  9:48  SCV  
  140  10:12  SCV x3  
  143  10:20  Marine x3  
  143  10:21  Command Center, Marauder, Marine x2  
  148  10:23  Siege Tank  
  148  10:24  SCV x3  
  156  10:29  Marine x2  
  156  10:30  Marine  
  157  10:38  Marine  
  158  10:43  Marauder  
  160  11:10  Marine x5  
  160  11:11  Marauder, Marine x3  
  167  11:12  Medivac  
  167  11:13  Medivac  
  167  11:14  Siege Tank  
  118  11:33  Marauder  
  115  11:41  Marine  
  115  11:42  Marine x5  
  115  11:45  Marine x2  
  115  11:46  Siege Tank, Medivac x2  
  130  11:54  Marauder  
  130  11:57  Barracks  
  130  11:58  Barracks  
  130  11:59  Marine x2  
  130  12:00  Marine x2  
  136  12:03  Barracks  
  136  12:09  SCV x3  
  136  12:12  Orbital Command  
  139  12:16  Marine x5  
  139  12:17  Marine x2  
  139  12:18  Siege Tank  
  139  12:21  SCV x3, Marine x2  
  154  12:23  Medivac x2  
  155  12:33  SCV x2  
  155  12:34  SCV, Marine x2  
  135  12:45  SCV  
  135  12:46  SCV x2  
  135  12:47  Barracks  
  135  12:51  Marine  
  135  12:52  Marine x5  
  135  12:53  Barracks Reactor x3  
  135  12:54  Marine x3  
Show
View Real Time Build Order
Export as new Build Order

whitefish Terran 

Build Orders: MMM Bio 

Get SALT Encoding   

  12  0:00  SCV  
  13  0:13  SCV  
  14  0:24  Supply Depot  
  14  0:25  SCV  
  15  0:29  Refinery  
  15  0:46  SCV  
  15  0:49  Barracks  
  16  0:58  SCV  
  16  1:01  Refinery  
  17  1:10  SCV  
  18  1:22  SCV  
  19  1:37  Supply Depot, Orbital Command  
  19  1:38  Marine  
  20  1:46  Factory  
  20  1:57  Marine  
  21  2:06  SCV  
  22  2:15  Marine  
  23  2:18  SCV  
  24  2:26  Barracks  
  24  2:30  SCV  
  24  2:31  Factory Tech Lab  
  25  2:45  Barracks Reactor  
  25  2:51  Siege Tank  
  28  2:57  Starport  
  28  3:02  Engineering Bay  
  28  3:14  Barracks Tech Lab  
  28  3:35  Medivac  
  28  3:38  Command Center  
  28  3:40  Marine  
  31  3:48  Supply Depot  
  31  3:59  Terran Infantry Weapons Level 1  
  31  4:00  Combat Shields  
  31  4:09  Marine  
  32  4:14  Barracks  
  32  4:19  Factory  
  32  4:33  Marine x2  
  32  4:34  Marauder  
  32  4:36  Siege Tank  
  39  4:47  Supply Depot  
  39  4:51  Marine x2  
  41  4:56  Marauder  
  43  5:02  SCV  
  43  5:06  SCV  
  45  5:14  SCV  
  45  5:15  Barracks Reactor  
  45  5:16  Factory Tech Lab  
  45  5:19  Medivac  
  48  5:29  SCV  
  48  5:34  Supply Depot  
  49  5:36  SCV  
  49  5:41  SCV  
  51  5:47  Marine x2  
  51  5:48  SCV  
  51  5:49  Siege Tank  
  57  5:54  Marauder  
  57  5:55  Marine  
  57  5:56  Marine  
  61  6:00  SCV  
  61  6:03  Siege Tank  
  65  6:12  SCV  
  65  6:13  SCV  
  67  6:24  SCV  
  67  6:25  SCV  
  59  6:31  Medivac  
  59  6:32  Marine x3  
  62  6:33  Marine  
  62  6:34  Siege Tank  
  62  6:36  SCV  
  62  6:37  SCV  
  70  6:40  Refinery  
  70  6:41  Refinery  
  70  6:45  Stimpack  
  70  7:03  Orbital Command  
  70  7:18  Supply Depot  
  70  7:21  Supply Depot  
  70  7:27  Armory  
  70  7:40  SCV  
  70  7:42  Command Center  
  70  7:44  Supply Depot  
  71  7:45  Supply Depot  
  71  7:50  SCV  
  72  7:52  SCV  
  73  8:02  SCV  
  73  8:03  Medivac  
  73  8:04  SCV  
  77  8:06  Marine x2  
  77  8:07  Marine x2  
  77  8:12  Siege Tank  
  84  8:14  SCV  
  84  8:16  SCV  
  86  8:22  Supply Depot  
  86  8:25  Marine x2  
  86  8:26  Marine x2  
  90  8:28  SCV  
  80  9:08  SCV  
  81  9:20  SCV  
  81  9:22  Terran Vehicle Weapons Level 1  
  82  9:32  SCV  
  82  9:36  Marine x3  
  82  9:37  Marine  
  82  9:38  Marauder  
  89  9:42  Missile Turret  
  89  9:44  SCV  
  90  9:46  Medivac  
  90  9:48  Siege Tank  
  90  9:49  Thor  
  101  9:53  SCV  
  101  9:54  Marine x2  
  101  9:56  SCV, Refinery  
  101  9:58  Refinery  
  105  10:06  SCV, Marauder  
  108  10:08  SCV  
  108  10:09  Mag-Field Accelerator  
  109  10:16  Medivac  
  109  10:18  SCV  
  112  10:27  SCV  
  112  10:28  Marauder  
  115  10:30  SCV  
  96  10:39  SCV  
  88  10:46  Marine x4  
  88  10:49  Marauder  
  94  10:52  Hellbat x2  
  98  11:03  Marine  
  98  11:04  Command Center, Marine x3  
  100  11:07  Supply Depot  
  100  11:08  SCV  
  100  11:10  Supply Depot, Marauder  
  105  11:20  SCV, Medivac  
  105  11:21  Marine  
  105  11:22  Marine x2  
  105  11:23  Marine, Hellbat  
  105  11:24  Hellbat  
  116  11:29  Supply Depot  
  104  11:32  Supply Depot  
  104  11:33  SCV  
  104  11:39  Marine  
  106  11:40  Marine x2  
  108  11:53  Siege Tank  
  114  11:54  Siege Tank, Marine  
  114  11:56  Marauder  
  114  11:57  Marine x2  
  114  11:58  Marine  
  120  12:12  Marine  
  120  12:14  SCV  
  120  12:15  Marine x3  
  123  12:17  Marauder  
  123  12:18  Command Center  
  127  12:26  SCV  
  128  12:32  Hellbat  
  128  12:33  Hellbat  
  117  12:39  Marauder  
  79  12:54  Hellbat x2  
  82  13:03  Factory  
Tags
 
Add a new tag
Caveats
  • Supply blocks, unpowered buildings, or Contaminate may cause inaccurate times.
  • Supply counts are checked every 10 seconds.